 Dungeon Crawl Stone Soup version 0.28-a0-1629-gf728b707aa (webtiles) character file.

Game seed: 3045429660831401246

2793 hashsling the Zephyrmancer (level 9, -11/50 HPs)
             Began as a Tengu Air Elementalist on Jan 24, 2022.
             Was a Follower of Vehumet.
             Mangled by a large slime creature (24 damage)
             ... on level 8 of the Dungeon.
             The game lasted 00:32:26 (7305 turns).

hashsling the Zephyrmancer (Tengu Air Elementalist) Turns: 7305, Time: 00:32:27

Health: -11/50     AC:  8    Str:  5    XL:     9   Next: 71%
Magic:  4/18       EV: 17    Int: 27    God:    Vehumet [*.....]
Gold:   219        SH:  0    Dex: 14    Spells: 8/19 levels left

rFire   . . .      SeeInvis .   p - +8 dagger of Xom {freeze, Fly Str-4 Int+3}
rCold   . . .      Faith    .   (no shield)
rNeg    . . .      Spirit   .   h - +1 robe of the Shining Light {Int+4}
rPois   .          Reflect  .   (helmet restricted)
rElec   .          Harm     .   (no cloak)
rCorr   .          Rampage  .   o - +0 pair of gloves
Will    .....                   (boots unavailable)
Stlth   ++........              z - amulet of regeneration
HPRegen 0.96/turn               s - +4 ring of protection
MPRegen 0.16/turn               (no ring)

@: sluggish, on blink cooldown, flying quickly and evasively, very slow
A: beak, talons 3, nimble flight
a: Renounce Religion


You were on level 8 of the Dungeon.
You worshipped Vehumet.
Vehumet was aware of your devotion.
You visited 2 branches of the dungeon, and saw 9 of its levels.

You collected 245 gold pieces.
You spent 26 gold pieces at shops.

Inventory:

Hand Weapons
 p - the +8 dagger of Xom (weapon) {freeze, Fly Str-4 Int+3}
   (You found it on level 3 of the Dungeon)

   It freezes those it strikes, dealing additional cold damage.
   It can also slow down cold-blooded creatures.
   Str:       It affects your strength (-4).
   Int:       It affects your intelligence (+3).
   Fly:       It grants you flight.
 r - the +11 hand axe "Poigholl" {vorpal, rF+ rN+++ Int-3 Stlth-}
   (You found it on level 4 of the Dungeon)

   It inflicts extra damage upon your enemies.
   Int:       It affects your intelligence (-3).
   rF:        It protects you from fire.
   rN:        It renders you almost immune to negative energy.
   Stlth:     It makes you less stealthy.
Missiles
 b - 79 arrows
 x - a curare-tipped dart
Armour
 h - the +1 robe of the Shining Light (worn) {Int+4}
   (You found it on level 2 of the Dungeon)

   Int:       It affects your intelligence (+4).
 o - a +0 pair of gloves (worn)
 G - a +0 buckler
Jewellery
 s - a +4 ring of protection (left hand)
 z - an amulet of regeneration (around neck)
Wands
 c - a wand of acid (10)
 l - a wand of digging (4)
 v - a wand of charming (10)
 w - a wand of paralysis (13)
 y - a wand of flame (6)
Scrolls
 a - 2 scrolls of enchant armour
 d - a scroll of fear {unknown}
 e - 4 scrolls of noise
 f - 2 scrolls of fog
 i - 3 scrolls of blinking {unknown}
 j - 2 scrolls of vulnerability {unknown}
 m - a scroll of holy word
 n - 2 scrolls of magic mapping
 q - a scroll of immolation {unknown}
 u - a scroll of acquirement {unknown}
 A - a scroll of summoning {unknown}
 B - a scroll of amnesia {unknown}
 C - a scroll of identify
Potions
 g - a potion of heal wounds
 k - 3 potions of cancellation
 t - a potion of haste {unknown}
 D - a potion of brilliance {unknown}
 E - a potion of lignification {unknown}
 F - a potion of might {unknown}
 H - a potion of mutation {unknown}


   Skills:
 - Level 3.0 Fighting
 - Level 5.0 Short Blades
 - Level 0.4 Staves
 + Level 6.5 Dodging
 - Level 2.0 Stealth
 + Level 5.5 Spellcasting
 * Level 7.7 Conjurations
 + Level 0.6 Translocations
 * Level 8.5 Air Magic
 - Level 1.0 Evocations


You had 8 spell levels left.
You knew the following spells:

 Your Spells              Type           Power      Damage    Failure   Level
a - Shock                 Conj/Air       100%       1d9       1%          1
b - Static Discharge      Conj/Air       51%        N/A       1%          2
c - Swiftness             Air            52%        N/A       1%          3
d - Dazzling Flash        Conj/Hex       56%        N/A       4%          3
e - Blink                 Tloc           20%        N/A       9%          2

Your spell library contained the following spells:

 Spells                   Type           Power      Damage    Failure   Level
 Freeze                   Ice            28%        1d5       7%          1
 Airstrike                Air            26%        N/A       1%          4
 Gell's Gravitas          Tloc           10%        N/A       16%         3
 Lesser Beckoning         Tloc           10%        N/A       16%         3
 Teleport Other           Tloc           10%        N/A       16%         3
 Silence                  Hex/Air        15%        N/A       32%         5
 Manifold Assault         Tloc           10%        N/A       83%         5
 Agony                    Necr           7%         N/A       88%         5
 Dispersal                Tloc           5%         N/A       100%        6


Dungeon Overview and Level Annotations

Branches:
Dungeon (9/15)             Temple (1/1) D:6
   Lair: D:8-11         Orc: D:9-12

Altars:
Ashenzari
Cheibriados
Dithmenos
Elyvilon
Fedhas
Gozag
Hepliaklqana
Kikubaaqudgha
Makhleb
Nemelex Xobeh
Okawaru
Qazlal
Ru
Sif Muna
Trog
Uskayaw
Vehumet
Wu Jian
Xom
Yredelemnul
Zin
The Shining One

Shops:
D:1 (   D:2 ==   D:5 ?


Innate Abilities, Weirdness & Mutations

You have a beak for a mouth.
You have claws for feet.
Your magical nature lets you fly swiftly and evasively.


Message History

The large slime creature is severely wounded.
You are struck by an arc of lightning.
The large slime creature is struck by an arc of lightning.
The large slime creature is severely wounded.
The lightning grounds out.
The large slime creature misses you.
You puncture the large slime creature! You freeze the large slime creature.
The large slime creature is almost dead.
The large slime creature hits you!
* * * LOW HITPOINT WARNING * * *
You feel sluggish.
Aiming: Shock (safe; 1% risk of failure)
Press: ? - help, Q - select action, (/) - cycle Shift-Dir - straight line, f/p - large slime creature
Aim: a large slime creature (severely wounded, 94% to hit)
The zap hits the large slime creature!
The large slime creature is almost dead.
Casting: Shock (safe; 1% risk of failure)
Confirm with . or Enter, or press ? or * to list all spells.
Okay, then.
Casting: Shock (safe; 1% risk of failure)
Confirm with . or Enter, or press ? or * to list all spells.
You blink.
Aiming: Shock (safe; 1% risk of failure)
Press: ? - help, Q - select action, (/) - cycle Shift-Dir - straight line, f/p - large slime creature
Aim: a large slime creature (almost dead, 94% to hit)
The zap hits the large slime creature.
The large slime creature is almost dead.
Aiming: Shock (safe; 1% risk of failure)
Press: ? - help, Q - select action, (/) - cycle Shift-Dir - straight line, f/p - large slime creature
Aim: a large slime creature (almost dead, 94% to hit)
The zap hits the large slime creature!
The large slime creature is almost dead.
The zap hits the large slime creature.
The large slime creature is almost dead.
Aiming: Shock (safe; 1% risk of failure)
Press: ? - help, Q - select action, (/) - cycle Shift-Dir - straight line, f/p - large slime creature
Aim: a large slime creature (almost dead, 94% to hit)
The zap hits the large slime creature.
The large slime creature is almost dead.
The large slime creature hits you!!
You die...

.###......#.##### ##
#.....###....# #..#...#.###.#
####..#..#.## #.# .........#.#
#.# ..##..#.##.# #.## #
#.##..#.##.# #..# #
#.##..#.##.# ##J# #
#.##....##.# #@####### #
#.##.......# #)##....# #######
.........#######.##.##.#
#......
####.............##.##.#
#.##### #..##)......[.......#
#.# # #...#[######.[##.##.#
#.# # #.#.#[#
###..##.##.####.#####
#.#.#.####...).#.))...........
#....[....).(....#####.....###


You could see a large slime creature.

Vanquished Creatures
  A troll (D:9)
  A slime creature (D:9)
  A shadow (D:9)
  A wyvern (D:8)
  2 orc warriors (D:8)
  An ice beast (D:8)
  2 ogres (D:4)
  A centaur (D:8)
  A phantom (D:4)
  A kobold brigand (D:6)
  A gnoll sergeant (D:9)
  2 scorpions
  2 water moccasin skeletons
  5 killer bees (D:9)
  11 wights (D:8)
  A bullfrog zombie (D:6)
  A hound (D:5)
  2 orc priests (D:8)
  A bullfrog skeleton (D:6)
  An iguana (D:5)
  A scorpion zombie (D:5)
  3 orc wizards (D:8)
  3 gnolls (D:9)
  7 adders
  An adder skeleton (D:4)
  6 worms
  3 dart slugs
  5 orcs
  4 ball pythons
  8 bats
  7 endoplasms
  3 giant cockroaches
  7 goblins
  6 hobgoblins
  5 jackals (D:2)
  19 kobolds
  5 quokkas
  5 frilled lizards
  13 rats
150 creatures vanquished.

Notes
Turn   | Place    | Note
-------+----------+-------------------------------------------
     0 | D:1      | hashsling the Tengu Air Elementalist began the quest for
                  | the Orb.
     0 | D:1      | Reached XP level 1. HP: 10/10 MP: 4/4
   162 | D:1      | Reached XP level 2. HP: 15/15 MP: 4/6
   666 | D:1      | Found Efos's Antique Weapon Emporium.
   691 | D:1      | Learned a level 2 spell: Static Discharge
   727 | D:1      | Reached XP level 3. HP: 19/19 MP: 5/7
   984 | D:1      | Learned a level 3 spell: Swiftness
  1107 | D:2      | Identified the +1 robe of the Shining Light {Int+4}
  1393 | D:2      | Found Laneed's Jewellery Emporium.
  1751 | D:2      | Reached XP level 4. HP: 20/24 MP: 3/8
  1946 | D:2      | Found Onat's Jewellery Emporium.
  2655 | D:3      | Gained mutation: Your magical nature lets you fly swiftly
                  | and evasively. [Tengu growth]
  2655 | D:3      | Reached XP level 5. HP: 28/28 MP: 5/10
  2756 | D:3      | Reached skill level 5 in Air Magic
  2849 | D:3      | Identified the +8 dagger of Xom {freeze, Fly Str-4 Int+3}
  3101 | D:4      | Noticed an ogre
  3109 | D:4      | Killed an ogre
  3110 | D:4      | Reached skill level 1 in Short Blades
  3205 | D:4      | Noticed a phantom
  3216 | D:4      | Reached XP level 6. HP: 30/32 MP: 11/11
  3505 | D:4      | Learned a level 3 spell: Dazzling Flash
  3541 | D:4      | Reached XP level 7. HP: 36/36 MP: 7/13
  3666 | D:4      | Identified the +11 hand axe "Poigholl" {vorpal, rF+ rN+++
                  | Int-3 Stlth-}
  3971 | D:5      | Entered Level 5 of the Dungeon
  4193 | D:5      | Reached skill level 6 in Air Magic
  4376 | D:5      | Found Kuguehyph's Magic Scroll Shop.
  4379 | D:5      | Bought a scroll of identify for 26 gold pieces
  4911 | D:6      | Found a staircase to the Ecumenical Temple.
  4917 | D:6      | Reached skill level 5 in Conjurations
  4951 | Temple   | Entered the Ecumenical Temple
  5066 | Temple   | Became a worshipper of Vehumet
  5332 | D:6      | Reached skill level 1 in Evocations
  5390 | D:6      | Reached XP level 8. HP: 34/42 MP: 5/15
  5472 | D:6      | You are sucked into a shaft and drop 3 floors!
  5474 | D:9      | Noticed a shadow
  5544 | D:9      | Noticed a troll
  5581 | D:9      | Killed a troll
  5582 | D:9      | Reached skill level 1 in Fighting
  5582 | D:9      | Reached skill level 5 in Dodging
  5701 | D:9      | Noticed a wraith
  5777 | D:8      | Reached skill level 7 in Air Magic
  5901 | D:8      | Noticed a wyvern
  5912 | D:8      | Killed a wyvern
  6007 | D:8      | Reached * piety under Vehumet
  6007 | D:8      | Offered knowledge of Freeze by Vehumet.
  6008 | D:8      | Reached XP level 9. HP: 49/49 MP: 10/17
  6147 | D:8      | Reached skill level 5 in Spellcasting
  6771 | D:9      | Reached skill level 5 in Short Blades
  6771 | D:9      | Reached skill level 8 in Air Magic
  6898 | D:9      | Learned a level 2 spell: Blink
  7129 | D:9      | Found a snail-covered altar of Cheibriados.
  7305 | D:8      | Mangled by a large slime creature

Illustrated notes

Levels and vault maps discovered:
D:1:      enne_arrival_octagon_isle, layout_basic, serial_shops,
          nicolae_square_shop
D:2:      layout_loops_ring, serial_shops, nicolae_shop_hallway_stairs,
          nicolae_shop_hallway_plus, minmay_circle_x
D:3:      layout_rooms
D:4:      layout_rooms
D:5:      layout_basic, serial_shops, nicolae_stop_n_shop_2, nrook_uturn
D:6:      layout_basic, temple_fountains, bh_walls_and_bars
D:8:      layout_loops_ring
D:9:      layout_small_grid, mainiacjoe_overflow_alcove_4, hiddenorc2_lemuel
Temple:   kilobyte_greek_temple

Skill      XL: |  1  2  3  4  5  6  7  8  9 |
---------------+----------------------------+-----
Conjurations   | 2 3 4 5 6 7 |  7.7
Dodging        | 3 4 5 6 |  6.5
Air Magic      | 5 6 7 8 |  8.5
Short Blades   | 1 2 3 4 5 |  5.0
Spellcasting   | 3 4 5 |  5.5
Evocations     | 1 |  1.0
Fighting       | 2 3 |  3.0
Staves         | |  0.4
Stealth        | |  2.0
Translocations | |  0.6

Action                   |  1- 3 |  4- 6 |  7- 9 || total
-------------------------+-------+-------+-------++-------
Melee: Short sword       |    14 |    12 |       ||    26
       Kick              |     2 |    16 |    21 ||    39
       Peck              |     1 |     8 |    16 ||    25
       Quarterstaff      |       |    11 |       ||    11
       Dagger            |       |    28 |    67 ||    95
       Punch             |       |       |     2 ||     2
 Cast: Shock             |    75 |    91 |   155 ||   321
       Static Discharge  |       |     3 |    29 ||    32
       Swiftness         |       |       |     8 ||     8
       Blink             |       |       |     1 ||     1
Evoke: Wand              |       |       |     3 ||     3
  Use: Potion            |       |     1 |     1 ||     2
       Scroll            |       |       |     7 ||     7
 Stab: Sleeping          |       |       |     1 ||     1
       Paralysed         |       |       |     1 ||     1
Armor: Robe              |     5 |     4 |    24 ||    33
Dodge: Dodged            |    16 |    33 |    58 ||   107

Table legend: (Time is in decaauts)
 A = Elapsed time spent in this place.
 B = Non-inter-level travel time spent in this place.
 C = Inter-level travel time spent in this place.
 D = Time resting spent in this place.
 E = Time spent auto-exploring this place.
 F = Levels seen in this place.
 G = Mean time per level.
                   A        B        C        D        E       F      G
               +--------+--------+--------+--------+--------+-----+--------+
         Total |   7043 |   6914 |    129 |     28 |   5607 |   9 |  782.6 |
       Dungeon |   6891 |   6776 |    115 |     28 |   5485 |   8 |  861.4 |
        Temple |    151 |    138 |     13 |      0 |    121 |   1 |  151.0 |
               +--------+--------+--------+--------+--------+-----+--------+

Top non-repeatable levels by time:
     D:2: 1436 daAuts
     D:1: 1074 daAuts
     D:8: 1000 daAuts
     D:4: 870 daAuts
     D:5: 859 daAuts
     D:9: 717 daAuts
     D:3: 565 daAuts
     D:6: 369 daAuts
  Temple: 151 daAuts
